 Dungeon Crawl Stone Soup version 0.31-a0-692-gf03d1854d5 (webtiles) character file.

Game seed: 12980811331336028083

222 qw the Shooter (level 5, -3/33 HPs)
             Began as a Gargoyle Hunter on Sept 6, 2023.
             Slain by a cerulean imp
             ... wielding a +2 spear
             ... summoned by Natasha
              (4 damage)
             ... on level 3 of the Dungeon.
             The game lasted 00:00:57 (1789 turns).

qw the Shooter (Gargoyle Hunter)                    Turns: 1789, Time: 00:00:58

Health: -3/33      AC:  9    Str: 21    XL:     5   Next: 99%
Magic:  5/5        EV: 11    Int:  9    God:
Gold:   78         SH:  0    Dex: 15    Spells: 4/4 levels left

rFire   . . .        Y - +0 shortbow
rCold   . . .        (shield currently unavailable)
rNeg    + . .        i - +0 ring mail
rPois   inf          (no helmet)
rElec   +            (no cloak)
rCorr   .            (no gloves)
SInv    .            (no boots)
Will    .....        (no amulet)
Stlth   +            d - +6 ring of strength
HPRegen 0.25/turn    (no ring)
MPRegen 0.09/turn

%: no passive effects
@: no status effects
A: sickness immunity, AC +4, negative energy resistance 1, electricity
resistance, torment resistance 1, petrification resistance
a: no special abilities


You were on level 3 of the Dungeon.
You visited 1 branch of the dungeon, and saw 3 of its levels.

You collected 78 gold pieces.


Innate Abilities, Weirdness & Mutations

You are immune to sickness and miasma.
Your stone body is resilient. (AC +4)
You are immune to poison.
You resist negative energy. (rN+)
You are resistant to electric shocks. (rElec)
You are resistant to unholy torment.
You are immune to petrification.


   Skills:
 - Level 4.0 Fighting
 + Level 6.1 Ranged Weapons
 - Level 1.1 Armour
 - Level 1.5 Dodging
 - Level 1.1 Stealth


You had 4 spell levels left.
You didn't know any spells.
Your spell library was empty.

Inventory:

Hand Weapons
 Y - a +0 shortbow (weapon)
Armour
 i - a +0 ring mail (worn)
Jewellery
 a - a ring of willpower
 d - a +6 ring of strength (left hand)
Potions
 f - a potion of mutation {unknown}
 g - a potion of lignification {unknown}
 h - a potion of enlightenment {unknown}
 j - a potion of might {unknown}

Dungeon Overview and Level Annotations

Branches:
Dungeon (3/15)

Altars:

Shops:
D:1 ?

Annotations:
D:3 Natasha


Message History

The arrow hits Natasha!
Natasha is heavily wounded.
The cerulean imp hits you but does no damage.
You shoot an arrow.
The arrow closely misses the cerulean imp.
The arrow closely misses Natasha.
The arrow barely misses the cerulean imp.
The cerulean imp hits you with a +1 spear.
You shoot an arrow. The arrow hits the cerulean imp!
The cerulean imp is severely wounded.
The cerulean imp barely misses you.
Natasha wildly gestures.
Natasha shimmers violently.
You shoot an arrow.
The arrow barely misses the cerulean imp.
The arrow hits Natasha but does no damage.
Natasha is heavily wounded.
The cerulean imp hits you but does no damage.
Natasha wildly gestures.
Natasha's front paws start to glow.
The cerulean imp hits you with a +1 spear.
You shoot an arrow.
The arrow barely misses the cerulean imp.
The arrow hits Natasha!
Natasha is almost dead.
The cerulean imp closely misses you.
You shoot an arrow. The arrow hits the cerulean imp.
The cerulean imp is almost dead.
The cerulean imp hits you with a +1 spear.
You shoot an arrow. The arrow hits the cerulean imp.
You kill the cerulean imp!
The cerulean imp disappears in a puff of smoke!
The cerulean imp hits you from afar with a +2 spear.
Natasha casts a spell at you. The magic dart hits you!
You shoot an arrow. The arrow closely misses Natasha.
The arrow hits the cerulean imp.
The cerulean imp is lightly wounded.
The cerulean imp hits you from afar with a +2 spear.
You die...

#########
#........# .
#........#
....######........#
....'5h@.#........#
....####..........#
. ###........#
#........#
#........#
#.%......#.
##.#####..#
#######.# #..~#####
........# #.~~#....


You could see Natasha and a cerulean imp (summoned).

Vanquished Creatures
  Terence (D:2)
  Natasha (D:3)
  6 gnolls
  4 adders
  2 worms
  2 dart slugs (D:1)
  6 ball pythons
  9 bats
  7 endoplasms
  2 giant cockroaches
  7 goblins
  5 hobgoblins
  2 jackals (D:1)
  4 kobolds
  3 quokkas
  5 frilled lizards
  4 rats
70 creatures vanquished.

Notes
Turn   | Place    | Note
-------+----------+-------------------------------------------
     0 | D:1      | qw the Gargoyle Hunter began the quest for the Orb.
     0 | D:1      | Reached XP level 1. HP: 12/12 MP: 1/1
     0 | D:1      | 0 ||| qw: Version: 0.3-a-76-g4403597
     0 | D:1      | 0 ||| qw: Game counter: 188
     0 | D:1      | 0 ||| qw: Melee chars always use a shield: true
     0 | D:1      | 0 ||| qw: God list: Okawaru
     0 | D:1      | 0 ||| qw: Allow faded altars: false
     0 | D:1      | 0 ||| qw: Do Orc after clearing Dungeon:15 true
     0 | D:1      | 0 ||| qw: Do second Lair branch before Depths: true
     0 | D:1      | 0 ||| qw: Lair rune preference: random
     0 | D:1      | 0 ||| qw: Goals: Normal
     0 | D:1      | 0 ||| PLANNING D:1-11
    81 | D:1      | Reached XP level 2. HP: 11/17 MP: 2/2
   318 | D:1      | Reached XP level 3. HP: 21/21 MP: 3/3
   373 | D:1      | Reached skill level 5 in Ranged Weapons
   451 | D:1      | Found Rolois's Magic Scroll Emporium.
   460 | D:1      | 460 ||| SHOPLISTING scroll of brand weapon (114 gold, have
                  | 18).
   460 | D:1      | 460 ||| SHOPLISTING scroll of enchant weapon (90 gold, have
                  | 18).
   460 | D:1      | 460 ||| SHOPLISTING scroll of identify (24 gold, have 18).
   760 | D:1      | 760 ||| UPGRADING to +0 ring mail.
   770 | D:1      | 770 ||| DROPPING +0 leather armour.
   771 | D:1      | 771 ||| UPGRADING to +6 ring of strength.
   772 | D:1      | 772 ||| READING scroll labelled LEKIMAU SYTH.
   773 | D:1      | 773 ||| DROPPING scroll of butterflies.
   841 | D:2      | Reached skill level 1 in Armour
   949 | D:2      | Reached XP level 4. HP: 27/27 MP: 4/4
   961 | D:2      | Reached skill level 3 in Fighting
  1078 | D:2      | 1078 ||| FLEEEEING.
  1080 | D:2      | 1080 ||| FLEEEEING.
  1238 | D:2      | Noticed Terence
  1247 | D:2      | Killed Terence
  1248 | D:2      | Reached XP level 5. HP: 32/32 MP: 5/5
  1438 | D:2      | 1438 ||| READING scroll labelled KAJASU IMOROR.
  1441 | D:2      | 1441 ||| READING scroll labelled SYNERO PEOC.
  1442 | D:2      | 1442 ||| READING scroll labelled ARUIQI JOFIL.
  1452 | D:3      | Noticed Natasha
  1469 | D:3      | Killed Natasha
  1470 | D:3      | Reached skill level 6 in Ranged Weapons
  1771 | D:3      | Noticed Natasha
  1788 | D:3      | HP: 1/33 [Natasha/magic dart (10)]
  1789 | D:3      | Slain by a cerulean imp

Levels and vault maps discovered:
D:1:      dpeg_arrival_houses_and_road, layout_basic, serial_shops, shop
D:2:      layout_rooms, minmay_distorted, uniq_terence
D:3:      layout_basic, moated_statue, uniq_natasha

Skill      XL: |  1  2  3  4  5 |
---------------+----------------+-----
Ranged Weapons | 5 6 |  6.1
Armour         | 1 |  1.1
Fighting       | 3 4 |  4.0
Dodging        | |  1.5
Stealth        | |  1.1

Action                     |  1- 3 |  4- 6 || total
---------------------------+-------+-------++-------
   Fire: Shortbow          |   108 |   166 ||   274
    Use: Scroll            |     1 |     3 ||     4
 Armour: Leather armour    |    20 |       ||    20
         Ring mail         |     8 |    65 ||    73
  Dodge: Dodged            |    18 |    53 ||    71

Table legend:
 A = Non-vault XP
 B = Vault XP
 C = Vault XP percentage of total XP
 D = Non-vault monster count
 E = Vault monster count
 F = Vault count percentage of total count
                 A         B        C        D         E       F
            +---------+---------+-------+---------+---------+-------
      Total |     241 |      77 |  24.2 |      65 |       5 |   7.1
            +---------+---------+-------+---------+---------+-------
        D:1 |      49 |       0 |   0.0 |      27 |       0 |   0.0
        D:2 |     114 |      42 |  26.9 |      24 |       4 |  14.3
        D:3 |      78 |      35 |  31.0 |      14 |       1 |   6.7
            +---------+---------+-------+---------+---------+-------
